AoeStats
← Green Assassin

Arabia

504800560Analyzed
4v4 RM · 25d ago on Sep 6, 2026· 30m 42s· 8 players
Game mode
Random Map
Map size
Large (8 player)
Population
200
Speed
Normal
Resources
Standard
Victory
Conquest
Starting age
Dark Age
Ending age
Imperial Age
RankedLock teamsTeams togetherTeam positionsShared explorationLock speedFull tech treeHidden civsTurbo modeCheats
Victory
Defeat
🇨🇭 Britons · Switzerland
1224
+12
🇦🇹 Wei · Austria
1215
+12
🇨🇳 Bulgarians · China
1186
+13
🇺🇾 Malay · Uruguay
1152
+16
🇨🇦 Sicilians · Canada
1159
-14
🇬🇧 Inca · United Kingdom
1127
-13
🇩🇪 Byzantines · Germany
1124
-13
🇭🇷 Portuguese · Croatia
1120
-13
GR4Y_BE4RD
7:15 Loom
10:11 Feudal Age
11:35 Horse Collar
11:42 Double-Bit Axe
13:55 Town Watch
19:21 Castle Age
20:53 Fletching
27:34 Bow Saw
29:47 Scale Mail Armor
StinkyNewt
3:10 Loom
11:51 Feudal Age
12:59 Double-Bit Axe
17:42 Castle Age
18:40 Padded Archer Armor
26:37 Horse Collar
27:10 Bow Saw
27:30 Scale Mail Armor
Saiyan97
5:57 Loom
10:29 Feudal Age
16:03 Castle Age
Green Assassin
0:30 Loom
12:30 Feudal Age
15:37 Horse Collar
15:44 Double-Bit Axe
21:30 Castle Age
20:13 Scale Mail Armor
21:43 Wheelbarrow
22:33 Squires
21:54 Pikeman
24:04 Forging
27:10 Chain Mail Armor
27:00 Scale Barding Armor
Wellen_Willi
10:01 Feudal Age
10:45 Double-Bit Axe
10:43 Horse Collar
11:58 Gold Mining
15:11 Loom
19:34 Castle Age
18:15 Stone Mining
18:46 Bloodlines
20:28 Bow Saw
20:59 Wheelbarrow
22:15 Gold Shaft Mining
22:17 Husbandry
21:43 Light Cavalry
26:14 Hand Cart
26:06 Heavy Plow
精锐磁暴步兵
2:58 Loom
10:58 Feudal Age
12:37 Double-Bit Axe
16:37 Castle Age
18:51 Scale Barding Armor
19:47 Forging
21:58 Town Watch
22:49 Wheelbarrow
22:12 Horse Collar
22:33 Gold Mining
25:24 Bow Saw
26:01 Heavy Plow
27:29 Scale Barding Armor
28:11 Gold Shaft Mining
27:54 Hand Cart
28:22 Chain Barding Armor
28:08 Stone Mining
28:27 Fletching
28:42 Husbandry
28:52 Bloodlines
bandreol
7:25 Loom
9:52 Feudal Age
9:45 Double-Bit Axe
12:21 Horse Collar
16:54 Forging
20:37 Scale Barding Armor
25:04 Castle Age
23:38 Gold Mining
24:04 Light Cavalry
25:00 Bow Saw
26:04 Husbandry
27:51 Heavy Plow
29:46 Wheelbarrow
30:10 Iron Casting
Bokaa
7:08 Loom
9:20 Feudal Age
11:29 Double-Bit Axe
14:40 Padded Archer Armor
14:32 Fletching
14:42 Padded Archer Armor
17:52 Wheelbarrow
24:37 Castle Age
23:21 Horse Collar
25:19 Bodkin Arrow
24:46 Crossbowman
27:44 Bow Saw
30:55 Leather Archer Armor
31:39 Ballistics
Connection lost

Rejoining the realm…

Still unreachable

The connection could not be restored.

Session expired

The server has moved on; the page needs a fresh start.